 Dungeon Crawl Stone Soup version 0.31.0-1-g2c135a008e (webtiles) character file.

Game seed: 6040598857377931042

121 qw the Shooter (level 5, 0/40 HPs)
             Began as a Djinni Hunter on Jan 23, 2024.
             Slain by an orc
             ... wielding a +2 short sword of speed
              (1 damage)
             ... on level 2 of the Dungeon.
             The game lasted 00:00:08 (2191 turns).

qw the Shooter (Djinni Hunter)                      Turns: 2191, Time: 00:00:09

Health: 0/40       AC:  4    Str: 10    XL:     5   Next: 26%
Gold:   113        EV: 14    Int: 10    God:
                   SH:  0    Dex: 27

rFire   + + .        a - +0 shortbow
rCold   x . .        (shield currently unavailable)
rNeg    . . .        c - +0 leather armour
rPois   inf          (no helmet)
rElec   .            e - +0 cloak of the Ten Inviting Hosts {Dex+8}
rCorr   .            (no gloves)
SInv    .            (boots unavailable)
Will    .....        (no amulet)
Stlth   ++           (no ring)
HPRegen 0.26/turn    (no ring)
MPRegen 0.00/turn

%: infuse magic (-1 HP)
@: flying
A: sickness immunity, fire resistance 2, cold vulnerability 1, float, innate
caster, HP casting, extra vitality 1
a: no special abilities


You were on level 2 of the Dungeon.
You visited 1 branch of the dungeon, and saw 3 of its levels.

You collected 113 gold pieces.


Innate Abilities, Weirdness & Mutations

You are immune to sickness and miasma.
You are immune to poison.
Your flesh is very heat resistant. (rF++)
You are vulnerable to cold. (rC-)
You float through the air rather than walking.
You learn spells naturally, not from books.
Your magical power is your life essence.
You have superior vitality. (+4 MHP)


   Skills:
 - Level 3.0 Fighting
 - Level 4.0 Ranged Weapons
 + Level 3.9 Dodging
 - Level 0.7 Stealth


You knew the following spells:

 Your Spells              Type           Power      Damage    Failure   Level
a - Apportation           Tloc           0%         N/A       45%         1
b - Momentum Strike       Conj/Tloc      0%         3d8       61%         2
Your spell library was empty.

Inventory:

Hand Weapons
 a - a +0 shortbow (weapon)
Armour
 c - a +0 leather armour (worn)
 e - the +0 cloak of the Ten Inviting Hosts (worn) {Dex+8}
   (You acquired it on level 1 of the Dungeon)

   Dex+8:     It affects your dexterity (+8).
Potions
 d - a potion of curing {unknown}
 h - a potion of magic {unknown}
 i - a potion of degeneration {unknown}
 j - a potion of enlightenment {unknown}

Dungeon Overview and Level Annotations

Branches:
Dungeon (3/15)

Altars:


Message History

The orc shouts!
You fly upwards.
There is a stone staircase leading down here.
You start resting.
HP restored.
Done exploring.
What level of the Dungeon? (default 3, ? - help)
You fly downwards.
The adder closely misses you. The orc hits you with a +0 hand axe.
The orc misses you. The orc barely misses you.
The orc hits you with a +2 short sword of speed.
The adder misses you.
There is a stone staircase leading up here.
2186 ||| STAIRDANCE The orc hits you with a +2 short sword of speed.
The orc closely misses you.
The orc hits you from afar with a +0 trident.
The orc hits you with a +0 hand axe. The adder bites you but does no damage.
The orc hits you with a +2 short sword of speed.
You fly upwards.
There is a stone staircase leading down here.
You shoot an arrow. The arrow misses the adder.
The adder bites you. The orc closely misses you. The orc misses you.
The orc hits you with a +0 hand axe.
The orc hits you with a +2 short sword of speed.
The adder completely misses you.
You shoot an arrow. The arrow hits the adder.
The adder is moderately wounded.
The orc hits you with a +0 hand axe. The orc hits you with a +0 war axe!
The orc hits you with a +2 short sword of speed.
The adder bites you. The orc closely misses you.
The orc hits you but does no damage. The orc barely misses you.
You shoot an arrow. The arrow hits the adder!
You kill the adder!
The orc misses you. The orc closely misses you.
The orc hits you with a +0 hand axe.
You shoot an arrow. The arrow hits the orc.
The orc is almost dead.
The orc hits you with a +2 short sword of speed.
You die...

##### #######...#
#.........#
#########......!..#
#.................#
#...............#######
##....o.................
#......@%...............
#.....oo..#.....########
#.........##....#### #
#.........##.##....# #
#........)##.#####.#####
#.........##.#####......
#.##########.##.......##
#.# #.##.####...# #.#
#.##.#.7.7.7#


You could see 3 orcs.

Vanquished Creatures
  A bombardier beetle (D:3)
  2 adders (D:2)
  2 dart slugs (D:1)
  3 ribbon worms (D:2)
  4 ball pythons
  7 endoplasms
  5 giant cockroaches (D:1)
  A goblin (D:2)
  8 hobgoblins
  8 kobolds
  2 quokkas
  4 bats
  3 frilled lizards
  7 rats
57 creatures vanquished.

Notes
Turn   | Place    | Note
-------+----------+-------------------------------------------
     0 | D:1      | qw the Djinni Hunter began the quest for the Orb.
     0 | D:1      | Reached XP level 1. HP: 18/18 MP: 0/0
     0 | D:1      | 0 ||| qw: Version: 0.3-a-136-gdd3b4e8
     0 | D:1      | 0 ||| qw: Game counter: 1119
     0 | D:1      | 0 ||| qw: Melee chars always use a shield: true
     0 | D:1      | 0 ||| qw: God list: Okawaru
     0 | D:1      | 0 ||| qw: Allow faded altars: false
     0 | D:1      | 0 ||| qw: Do Orc after clearing Dungeon:15 true
     0 | D:1      | 0 ||| qw: Do second Lair branch before Depths: true
     0 | D:1      | 0 ||| qw: Lair rune preference: random
     0 | D:1      | 0 ||| qw: Goals: Normal
     0 | D:1      | 0 ||| PLANNING D:1-11
    65 | D:1      | Reached XP level 2. HP: 23/23 MP: 0/0
   204 | D:1      | Reached XP level 3. HP: 28/28 MP: 0/0
   204 | D:1      | Learned a level 1 spell: Apportation
   208 | D:1      | Reached skill level 4 in Ranged Weapons
   439 | D:1      | Found a faded altar of an unknown god.
   849 | D:1      | 849 ||| READING scroll labelled GOOJUNTOUPP.
   849 | D:1      | Identified a scroll of acquirement
   849 | D:1      | 849 ||| ACQUIRING +0 cloak of the Ten Inviting Hosts
                  | {Dex+8}
   849 | D:1      | Acquired the +0 cloak of the Ten Inviting Hosts {Dex+8}
   851 | D:1      | 851 ||| UPGRADING to +0 cloak of the Ten Inviting Hosts
                  | {Dex+8}.
   856 | D:1      | 856 ||| READING 3 scrolls labelled FUSSAI ONNENAE.
   857 | D:1      | 857 ||| READING scroll labelled YNNOEWOTAI.
   858 | D:1      | 858 ||| DROPPING scroll of butterflies.
   859 | D:1      | 859 ||| DROPPING 2 scrolls of poison.
   939 | D:2      | You are sucked into a shaft and drop 1 floor!
  1012 | D:3      | Reached skill level 3 in Dodging
  1012 | D:3      | Reached XP level 4. HP: 29/34 MP: 0/0
  1126 | D:3      | 1126 ||| FLEEEEING.
  1231 | D:2      | Reached skill level 3 in Fighting
  1529 | D:2      | Reached XP level 5. HP: 40/40 MP: 0/0
  1529 | D:2      | Learned a level 2 spell: Momentum Strike
  2108 | D:2      | 2108 ||| READING scroll labelled CAINOT LONIJ.
  2109 | D:2      | 2109 ||| READING scroll labelled USHOVA NUTZ.
  2110 | D:2      | 2110 ||| READING scroll labelled CORHIU ZUPEIT.
  2113 | D:2      | 2113 ||| DRINKING 2 fuming red potions.
  2153 | D:2      | 2153 ||| DROPPING potion of lignification.
  2165 | D:3      | 2165 ||| STAIRDANCE
  2169 | D:3      | 2169 ||| STAIRDANCE
  2186 | D:3      | 2186 ||| STAIRDANCE
  2189 | D:2      | HP: 8/40 [orc/+0 war axe (7)]
  2190 | D:2      | HP: 1/40 [orc/+0 hand axe (3)]
  2191 | D:2      | Slain by an orc

Levels and vault maps discovered:
D:1:      minmay_arrival_semitransparent, layout_basic,
          hellmonk_ecumenical_altar_heavens_door, minmay_heptomino_o4
D:2:      layout_basic, serial_forest, infiniplex_forest_lined_room_2,
          infiniplex_forest_clump_small, infiniplex_forest_clump_small,
          infiniplex_forest_lined_3, infiniplex_forest_clump_C
D:3:      minmay_bubble_buster, layout_basic, serial_forest,
          infiniplex_forest_corner_1, infiniplex_forest_straight_5,
          infiniplex_forest_clump_tiny, infiniplex_forest_straight_2,
          infiniplex_forest_join, infiniplex_forest_lined_3,
          infiniplex_forest_end_1, minmay_splitting_lines, grunt_ministairs_13,
          reono_crystal_passage

Skill      XL: |  1  2  3  4 |
---------------+-------------+-----
Ranged Weapons | 4 |  4.0
Dodging        | 3 |  3.9
Fighting       | 3 |  3.0
Stealth        | |  0.7

Action                     |  1- 3 |  4- 6 || total
---------------------------+-------+-------++-------
   Fire: Shortbow          |    72 |    81 ||   153
    Use: Scroll            |     3 |     3 ||     6
         Potion            |       |     1 ||     1
 Armour: Leather armour    |     5 |    26 ||    31
  Dodge: Dodged            |     9 |    24 ||    33

Table legend:
 A = Non-vault XP
 B = Vault XP
 C = Vault XP percentage of total XP
 D = Non-vault monster count
 E = Vault monster count
 F = Vault count percentage of total count
                 A         B        C        D         E       F
            +---------+---------+-------+---------+---------+-------
      Total |     169 |       5 |   2.9 |      54 |       3 |   5.3
            +---------+---------+-------+---------+---------+-------
        D:1 |      49 |       5 |   9.3 |      26 |       3 |  10.3
        D:2 |      69 |       0 |   0.0 |      25 |       0 |   0.0
        D:3 |      51 |       0 |   0.0 |       3 |       0 |   0.0
            +---------+---------+-------+---------+---------+-------
